 Dungeon Crawl Stone Soup version 0.30-a0-632-g346586fe48 (webtiles) character file.

Game seed: 16502332700552121438

119470 Armakuni the Cruncher (level 17, 0/128 HPs)
             Began as a Human Artificer on Jan 12, 2023.
             Was an Initiate of Gozag.
             Slain by an alligator snapping turtle (31 damage)
             ... on level 3 of the Shoals on Jan 13, 2023.
             The game lasted 01:05:49 (22437 turns).

Armakuni the Cruncher (Human Artificer)            Turns: 22437, Time: 01:05:50

Health: 0/128      AC: 27    Str: 22    XL:     17   Next: 34%
Magic:  34/34      EV: 12    Int: 20    God:    Gozag
Gold:   1482       SH:  5    Dex: 14    Spells: 32/42 levels left

rFire   . . .      SeeInvis +    a - +4 quarterstaff (spect)
rCold   . . .      Faith    .    (shield currently unavailable)
rNeg    + . .      Spirit   .    X - +6 chain mail of the Fig {Regen+ rCorr Str+8}
rPois   .          Reflect  +    B - +1 helmet {SInv}
rElec   .          Harm     .    S - +2 cloak {Will+}
rCorr   +          Rampage  .    c - +0 pair of gloves
Will    +++..                    O - +1 pair of boots of Impressiveness {rN+ Int+2} Stlth
                                 H - amulet of reflection
HPRegen 1.21/turn                W - ring of willpower
MPRegen 0.24/turn                L - ring of flight

@: gold aura, flying, mesmerised
A: no striking features
a: Renounce Religion, Potion Petition, Call Merchant, Bribe Branch


You were on level 3 of the Shoals.
You worshipped Gozag.
Gozag was most pleased with you.
You visited 4 branches of the dungeon, and saw 24 of its levels.
You also visited: Ossuary, Bailey and Ice Cave.

You collected 7335 gold pieces.
You spent 3153 gold pieces at shops.
You paid 2700 gold pieces to Gozag.

Inventory:

Hand Weapons
 a - a +4 spectral quarterstaff (weapon)
 b - a +2 hand crossbow of freezing
Missiles
 l - a throwing net
 y - 8 curare-tipped darts
Armour
 c - a +0 pair of gloves (worn)
 B - a +1 helmet of see invisible (worn)
 D - a scarf of resistance
 O - the +1 pair of boots of Impressiveness (worn) {rN+ Int+2}
   (You acquired it on level 11 of the Dungeon)

   Int:       It affects your intelligence (+2).
   rN:        It protects you from negative energy.
 S - a +2 cloak of willpower (worn)
 X - the +6 chain mail of the Fig (worn) {Regen+ rCorr Str+8}
   (You bought it in a shop on level 1 of the Lair of Beasts)

   Str:       It affects your strength (+8).
   Regen:     It increases your rate of health regeneration.
   rCorr:     It protects you from acid and corrosion.
Jewellery
 u - a ring of magical power
 A - an amulet of the acrobat
 H - an amulet of reflection (around neck)
 L - a ring of flight (right hand)
 W - a ring of willpower (left hand)
Wands
 m - a wand of digging (7)
 p - a wand of paralysis (4)
 r - a wand of roots (18)
 v - a wand of flame (13) (quivered)
 C - a wand of polymorph (5)
Scrolls
 g - 3 scrolls of fear
 h - 3 scrolls of poison
 k - 11 scrolls of teleportation
 n - a scroll of magic mapping
 o - 5 scrolls of noise
 s - 5 scrolls of amnesia
 E - 2 scrolls of immolation
 F - a scroll of summoning
 G - 3 scrolls of fog
 M - a scroll of enchant armour
 R - 3 scrolls of silence
 T - a scroll of blinking
Potions
 d - 4 potions of mutation
 e - 4 potions of might
 f - 5 potions of brilliance
 i - 4 potions of haste
 j - 2 potions of cancellation
 q - 6 potions of ambrosia
 t - 6 potions of heal wounds
 w - 3 potions of lignification
 x - 2 potions of resistance
 z - a potion of invisibility
 J - a potion of magic
 K - 3 potions of flight
 P - 11 potions of curing


   Skills:
 - Level 10.0 Fighting
 - Level 1.0(9.0) Maces & Flails
 - Level 13.9(14.0) Staves
 + Level 10.2 Armour
 - Level 10.0 Dodging
 - Level 1.0 Stealth
 - Level 13.2 Spellcasting
 - Level 10.0 Conjurations
 - Level 10.0 Translocations
 - Level 10.0 Evocations


You had 32 spell levels left.
You knew the following spells:

 Your Spells              Type           Power      Damage    Failure   Level
l - Lesser Beckoning      Tloc           100%       N/A       1%          3
m - Iskenderun's Mystic   Conj/Tloc      52%        2d11      4%          4
o - Teleport Other        Tloc           52%        N/A       1%          3

Your spell library contained the following spells:

 Spells                   Type           Power      Damage    Failure   Level
 Magic Dart               Conj           100%       1d8       1%          1
 Gell's Gravitas          Tloc           52%        N/A       1%          3
 Dazzling Flash           Conj/Hex       66%        N/A       12%         3
 Portal Projectile        Hex/Tloc       66%        N/A       12%         3
 Stone Arrow              Conj/Erth      66%        3d11      12%         3
 Kindle Blastsparks       Fire/Tloc/Air  52%        2d14      22%         3
 Mephitic Cloud           Conj/Pois/Air  26%        N/A       22%         3
 Sting                    Tmut/Pois      52%        1d5       30%         1
 Flame Wave               Conj/Fire      33%        2d10      36%         4
 Sticky Flame             Conj/Fire      33%        2d5       36%         4
 Call Imp                 Summ           13%        N/A       41%         2
 Poisonous Vapours        Pois/Air       26%        N/A       41%         2
 Call Canine Familiar     Summ           13%        N/A       65%         3
 Ignite Poison            Fire/Tmut/Pois 13%        N/A       65%         3
 Inner Flame              Hex/Fire       13%        N/A       65%         3
 Ozocubu's Armour         Ice            13%        N/A       65%         3
 Tukima's Dance           Hex            13%        N/A       65%         3
 Freezing Cloud           Conj/Ice/Air   13%        6-21      91%         5
 Anguish                  Hex/Necr       6%         N/A       96%         4
 Animate Armour           Summ/Erth      26%        N/A       96%         4
 Cause Fear               Hex            6%         N/A       96%         4
 Leda's Liquefaction      Hex/Erth       6%         N/A       96%         4
 Olgreb's Toxic Radiance  Pois           13%        N/A       96%         4
 Starburst                Conj/Fire      16%        6d6       99%         6
 Alistair's Intoxication  Tmut/Pois      8%         N/A       100%        5
 Blade Hands              Tmut           6%         N/A       100%        5
 Borgnjor's Vile Clutch   Necr/Erth      6%         N/A       100%        5
 Eringya's Noxious Bog    Tmut/Pois      6%         N/A       100%        6
 Enfeeble                 Hex            6%         N/A       100%        7
 Ozocubu's Refrigeration  Ice            6%         4d8       100%        7
 Discord                  Hex            6%         N/A       100%        8
 Lehudib's Crystal Spear  Conj/Erth      16%        10d5      100%        8
 Chain Lightning          Conj/Air       16%        3d22      100%        9
 Fire Storm               Conj/Fire      16%        8d4       100%        9
 Shatter                  Erth           6%         3d9*      100%        9


Dungeon Overview and Level Annotations

Branches:
Dungeon (15/15)            Temple (1/1) D:6            Lair (5/5) D:8
 Shoals (3/4) Lair:2       Spider (0/4) Lair:3        Slime (0/5) Lair:4
    Orc (0/2) D:11         Vaults (0/5) D:13         Depths (0/4) D:15
Ossuary (visited)          Bailey (visited)           IceCv (visited)

Altars:
Ashenzari
Cheibriados
Dithmenos
Elyvilon
Fedhas
Gozag
Hepliaklqana
Kikubaaqudgha
Makhleb
Nemelex Xobeh
Okawaru
Qazlal
Ru
Sif Muna
Trog
Uskayaw
Vehumet
Wu Jian
Xom
Yredelemnul
Zin
The Shining One
Jiyva

Shops:
D:3 =[!:*   D:4 :   D:6 [   D:11 *[   D:14 !   Lair:1 [!:[

Annotations:
Lair:4 1 runed translucent door


Message History

The alligator snapping turtle hisses angrily.
The merfolk siren is no longer distracted by gold.
The merfolk impaler is no longer distracted by gold.
The merfolk impaler moans, "Oh dear!
Oh dear!"
The merfolk siren chants a haunting song.
You resist.
The merfolk impaler gives up.
The alligator snapping turtle is distracted by your dazzling golden aura.
The merfolk siren chants a haunting song.
You are mesmerised by the merfolk siren!
The alligator snapping turtle hisses angrily.
You cannot move away from the merfolk siren!
As you read the scroll of fog, it crumbles to dust.
The scroll dissolves into smoke.
The merfolk siren chants its luring song.
You cannot move away from the merfolk siren!
The alligator snapping turtle is no longer distracted by gold.
The merfolk siren chants its luring song.
The alligator snapping turtle bites you but does no damage.
The merfolk siren chants its luring song.
You hit the merfolk siren.
The merfolk siren is lightly wounded.
Your +4 spectral quarterstaff barely misses the merfolk siren.
You hit the merfolk siren.
The merfolk siren is lightly wounded.
Your +4 spectral quarterstaff barely misses the merfolk siren.
The merfolk siren chants its luring song.
The alligator snapping turtle bites you from afar!!
* * * LOW HITPOINT WARNING * * *
You sock the merfolk siren!
The merfolk siren is moderately wounded.
Your +4 spectral quarterstaff closely misses the merfolk siren.
You feel your willpower return.
You thump the merfolk siren!
The merfolk siren is heavily wounded.
Your +4 spectral quarterstaff hits the merfolk siren.
The merfolk siren chants its luring song.
The alligator snapping turtle bites you from afar!!
You die...
Your body crumbles into a pile of gold.

~~~~≈≈≈≈~~~~~~~!.
~~~≈≈≈≈≈≈≈≈~~...#
≈≈≈≈≈≈≈≈≈≈≈~~...
~~~~~≈≈≈≈≈≈~..#
~~c~~~~≈≈≈~~~.#
~~m~~~$~≈~~~~.#
.#..~~§§m(~~..#
##..~§~§m~.### ##..~§§§@§#
#..~§§§§## #..~~≈≈≈≈≈
#.~~§t§§# #..~~≈≈≈≈≈
.~~~~§§§§# ##..~~~~≈≈≈
..~~≈≈~§.§######..~~~~~~~≈
~~~~≈≈~~~~.........~..~~~~
≈≈≈≈≈~~~...............~~
≈≈≈≈≈~~.##.....#.......~~
≈≈≈≈~~~.###>..##.......~~


You could see an alligator snapping turtle, a merfolk impaler, a merfolk siren
(mesmerising) and a friendly +4 spectral quarterstaff (summoned).

Vanquished Creatures
  An Ice Fiend (IceCv)
  Gastronok (D:9)
  A very ugly thing (D:15)
  Snorg (Lair:5)
  6 hydras
  4 vault guards (D:13)
  Erolcha (D:9)
  A merfolk aquamancer (Shoals:2)
  4 two-headed ogres
  A death knight (D:13)
  A tengu warrior (D:15)
  9 centaur warriors
  3 boulder beetles
  2 sun demons (D:13)
  A sixfirhy (D:13)
  A deep troll (D:15)
  5 sea snakes
  An obsidian statue (IceCv)
  2 wizards (D:15)
  A bog body (IceCv)
  3 harpies (Shoals:1)
  The ghost of initializr the Covert, a novice KoBr of Elyvilon (D:6)
  An orc knight (Bailey)
  A phantasmal warrior (D:13)
  28 ugly things
  7 spriggan simulacra (IceCv)
  An orc sorcerer (D:15)
  A faun (Shoals:3)
  4 deep elf pyromancers
  4 manticores
  5 cyclopes
  An elephant (D:8)
  A merfolk siren (Shoals:1)
  3 rust devils (D:13)
  3 black mambas
  12 cane toads
  3 water nymphs (Shoals:2)
  An orange demon (D:13)
  A smoke demon (D:13)
  6 rime drakes
  A gargoyle (D:12)
  An efreet (D:14)
  2 anaconda simulacra (IceCv)
  3 golden dragon simulacra (IceCv)
  7 ice devils
  11 komodo dragons
  A queen bee (Lair:1)
  2 kobold demonologists (Bailey)
  3 red devils (D:13)
  3 freezing wraiths
  3 polar bears (Lair:1)
  A wind drake (Shoals:1)
  6 merfolk
  3 trolls
  7 dream sheep (Lair:3)
  A hornet (D:9)
  5 blink frogs (Lair:4)
  3 snapping turtles
  A jumping spider (Lair:3)
  3 shadows
  Sigmund (D:2)
  6 slime creatures
  2 water elementals (Shoals:2)
  A wraith (D:13)
  13 yaks
  15 wyverns
  7 basilisks
  Eustachio (D:6)
  2 fire bats (Lair:1)
  2 steam dragons
  A redback (shapeshifter) (D:15)
  A neqoxec (D:13)
  10 minotaur simulacra (IceCv)
  3 vampire mosquitoes
  A chaos spawn (D:13)
  2 redbacks (Lair:3)
  5 harpy simulacra
  A hydra simulacrum (IceCv)
  2 acid dragons
  A hell hound (D:13)
  10 water moccasins
  Duvessa (D:7)
  19 orc warriors
  A sky beast (D:7)
  2 black bears
  2 ice beasts (D:7)
  2 alligator simulacra (IceCv)
  12 wolves
  An ogre (D:11)
  A phantom (D:4)
  18 centaurs
  4 kobold brigands
  2 elf zombies (Ossuary)
  A necrophage (D:6)
  10 bullfrogs
  9 deep troll simulacra (IceCv)
  A gnoll sergeant (D:10)
  3 scorpions
  Dowan (D:7)
  4 lindwurm simulacra (IceCv)
  25 killer bees (Lair:1)
  8 electric eels
  6 howler monkeys
  5 hounds
  2 jellies (D:6)
  2 centaur zombies (Ossuary)
  11 orc priests
  A gnoll bouda (D:3)
  Ijyb (D:4)
  10 iguanas
  16 orc wizards
  6 hell rats (Lair:3)
  3 mummies (Ossuary)
  14 gnolls
  7 adders
  A shadow imp (D:5)
  A white imp (D:6)
  An ufetubus (D:6)
  5 adder zombies (Ossuary)
  4 dart slugs
  66 orcs
  4 bats
  5 endoplasms
  4 giant cockroaches
  2 gnoll zombies (Ossuary)
  16 hobgoblins
  7 jackals
  6 quokkas
  4 ball pythons
  4 frilled lizards
  16 goblins
  3 goblin zombies (Ossuary)
  4 jackal zombies (Ossuary)
  28 kobolds
  3 kobold zombies (Ossuary)
  4 orc zombies (Ossuary)
  5 quokka zombies (Ossuary)
  A rat (D:2)
  5 rat zombies (Ossuary)
  A plant (D:11)
699 creatures vanquished.

Vanquished Creatures (collateral kills)
  Azrael (D:13)
  A hydra (D:13)
  2 fire elementals (D:13)
  A hell hound (D:13)
  A gnoll (D:3)
  An adder (D:6)
  2 orcs (D:6)
  A ball python (D:2)
  A jackal (D:1)
  A frilled lizard (D:2)
12 creatures vanquished.

Vanquished Creatures (others)
  Maggie (D:6)
  An orc wizard (D:4)
  A jackal (D:1)
  9 fungi
  76 plants
88 creatures vanquished.

Grand Total: 799 creatures vanquished

Notes
Turn   | Place    | Note
-------+----------+-------------------------------------------
     0 | D:1      | Armakuni the Human Artificer began the quest for the Orb.
     0 | D:1      | Reached XP level 1. HP: 15/15 MP: 1/1
   141 | D:1      | Reached XP level 2. HP: 21/21 MP: 2/2
   462 | D:1      | Reached XP level 3. HP: 27/27 MP: 3/3
   999 | D:2      | Reached XP level 4. HP: 34/34 MP: 4/4
  1376 | D:2      | Noticed Sigmund
  1378 | D:2      | Killed Sigmund
  1379 | D:2      | Reached skill level 1 in Maces & Flails
  1379 | D:2      | Reached skill level 5 in Evocations
  1379 | D:2      | Reached XP level 5. HP: 41/41 MP: 5/5
  1379 | D:2      | Reached XP level 6. HP: 47/47 MP: 6/6
  1816 | D:3      | Found Seurph's Jewellery Shop.
  2057 | D:3      | Reached skill level 1 in Spellcasting
  2088 | D:3      | Found Esick's Assorted Antiques.
  2173 | D:3      | Found Javiar's Book Boutique.
  2252 | D:3      | Found Vimaoq's Distillery.
  2287 | D:3      | Found a burning altar of Makhleb.
  2507 | D:3      | Found Zymoopuofo's Armour Shoppe.
  2563 | D:3      | Reached skill level 1 in Staves
  2883 | D:4      | Reached XP level 7. HP: 52/52 MP: 8/8
  3098 | D:4      | Found a radiant altar of Vehumet.
  3177 | D:4      | Found Toithelo's Book Boutique.
  3538 | D:4      | Noticed Ijyb
  3613 | D:5      | Entered Level 5 of the Dungeon
  3765 | D:3      | Bought a glowing quarterstaff for 161 gold pieces
  3800 | D:3      | Identified a scroll of acquirement
  3800 | D:3      | Acquired a manual of Spellcasting
  4022 | D:5      | Reached XP level 8. HP: 58/58 MP: 9/9
  4071 | D:5      | Reached skill level 5 in Staves
  4150 | D:5      | Found a hazy altar of Hepliaklqana.
  4257 | D:5      | Found a broken altar of Ashenzari.
  4589 | D:6      | Found Ymiupe Cefe's Armour Shop.
  4659 | D:6      | Found a staircase to the Ecumenical Temple.
  4663 | D:6      | Noticed Maggie
  4683 | D:6      | Your ally Maggie died
  4691 | Temple   | Entered the Ecumenical Temple
  4770 | Temple   | Became a worshipper of Gozag Ym Sagoz the Greedy
  5028 | D:6      | Found a runed translucent door.
  5037 | D:6      | Noticed initializr's ghost (novice KoBr)
  5068 | D:6      | Reached XP level 9. HP: 59/64 MP: 10/10
  5199 | D:6      | Noticed Eustachio
  5209 | D:6      | Killed Eustachio
  5360 | D:6      | Found an ornate altar of the Wu Jian Council.
  5659 | D:6      | Killed initializr's ghost
  5660 | D:6      | Reached skill level 10 in Staves
  5826 | D:7      | Noticed Duvessa
  5831 | D:7      | Noticed Dowan
  5833 | D:7      | Killed Duvessa
  5843 | D:7      | Killed Dowan
  5991 | D:7      | Reached XP level 10. HP: 59/70 MP: 11/11
  5995 | D:7      | Paralysed by a kobold brigand for 3 turns
  6114 | D:7      | Found a sand-covered staircase.
  6121 | Ossuary  | Entered an ossuary
  6486 | D:7      | Found a shadowy altar of Dithmenos.
  7023 | D:8      | Noticed an elephant
  7036 | D:8      | Killed an elephant
  7074 | D:8      | Found a staircase to the Lair.
  7823 | Lair:1   | Entered Level 1 of the Lair of Beasts
  7823 | Lair:1   | Noticed a cane toad
  7833 | Lair:1   | Killed a cane toad
  7834 | Lair:1   | Reached XP level 11. HP: 64/76 MP: 12/12
  7853 | Lair:1   | Bought a +1 helmet of see invisible for 231 gold pieces
  8147 | D:4      | Killed Ijyb
  8207 | D:3      | Bought a sedimented inky potion for 20 gold pieces
  8463 | Lair:1   | Reached skill level 5 in Fighting
  9076 | Lair:1   | Reached skill level 10 in Fighting
  9080 | Lair:1   | Reached XP level 12. HP: 87/97 MP: 13/13
  9499 | Lair:2   | Noticed a seven-headed hydra
  9510 | Lair:2   | Killed a seven-headed hydra
  9646 | Lair:2   | Reached skill level 5 in Dodging
  9774 | Lair:2   | Reached skill level 5 in Armour
  9791 | Lair:2   | Upgraded the game from 0.30-a0-629-gd54f4be4f7 to
                  | 0.30-a0-632-g346586fe48
  9996 | D:6      | Bought a scarf of resistance for 416 gold pieces
 10084 | D:3      | Bought a book of Spectacle for 416 gold pieces
 10280 | Lair:2   | Found a staircase to the Shoals.
 10305 | Lair:2   | Learned a level 4 spell: Iskenderun's Mystic Blast
 10309 | Lair:2   | Learned a level 3 spell: Lesser Beckoning
 11017 | Lair:3   | Noticed a seven-headed hydra
 11027 | Lair:3   | Killed a seven-headed hydra
 11103 | Lair:3   | Noticed a five-headed hydra
 11110 | Lair:3   | Killed a five-headed hydra
 11111 | Lair:3   | Reached XP level 13. HP: 62/103 MP: 17/20
 11176 | Lair:3   | Reached skill level 5 in Spellcasting
 11516 | Lair:3   | Reached skill level 10 in Spellcasting
 11828 | Lair:3   | Found a hole to the Spider Nest.
 12211 | Lair:4   | Noticed a six-headed hydra
 12220 | Lair:4   | Killed a six-headed hydra
 12453 | Lair:4   | Noticed an eight-headed hydra
 12458 | Lair:4   | Killed an eight-headed hydra
 12950 | Lair:4   | Found a runed translucent door.
 12950 | Lair:4   | Found a viscous altar of Jiyva.
 12951 | Lair:4   | Found a staircase to the Slime Pits.
 12951 | Lair:4   | Noticed an azure jelly
 13204 | Lair:5   | Entered Level 5 of the Lair of Beasts
 13212 | Lair:5   | Identified the +1 chain mail of Intuition {rElec rC+ Dex-4}
 13271 | Lair:5   | Noticed Snorg
 13285 | Lair:5   | Killed Snorg
 13682 | D:9      | Found a broken altar of Ashenzari.
 13712 | D:9      | Noticed Gastronok
 13725 | D:9      | Killed Gastronok
 13726 | D:9      | Reached XP level 14. HP: 70/110 MP: 31/31
 13842 | D:9      | Found an iron altar of Okawaru.
 13894 | D:9      | You fall into a shaft and drop 2 floors!
 13894 | D:11     | Found Maklavu's General Store.
 13918 | D:11     | Bought a scroll of acquirement for 676 gold pieces
 13955 | D:11     | Acquired the +1 pair of boots of Impressiveness {rN+ Int+2}
 14053 | D:10     | Entered Level 10 of the Dungeon
 14123 | D:10     | Identified the +3 ring mail of Tartarus {Stlth+}
 14167 | D:10     | Found a flagged portal.
 14183 | Bailey   | Entered a bailey
 14418 | Bailey   | Found an iron altar of Okawaru.
 14703 | Bailey   | Acquired 814 gold pieces
 14862 | D:10     | Identified the +2 ring mail of the Snail {rPois Will+ rCorr
                  | Str-4}
 15321 | D:9      | Found a sparkling altar of Nemelex Xobeh.
 15480 | D:9      | Noticed Erolcha
 15486 | D:9      | Killed Erolcha
 15629 | Lair:1   | Bought the +6 chain mail of the Fig {Regen+ rCorr Str+8}
                  | for 830 gold pieces
 15646 | Lair:1   | Reached XP level 15. HP: 115/115 MP: 32/32
 15854 | D:11     | Found a staircase to the Orcish Mines.
 15956 | D:11     | Found Arphocluesa's Antique Armour Boutique.
 16847 | D:13     | Identified the +10 hand axe of Tuas {freeze, rElec rPois
                  | rF+}
 17036 | D:13     | Reached skill level 10 in Dodging
 17040 | D:13     | Reached skill level 10 in Armour
 17112 | D:13     | Found a gate to the Vaults.
 17488 | D:13     | Reached skill level 10 in Evocations
 17492 | D:13     | Reached XP level 16. HP: 90/122 MP: 33/33
 17497 | D:13     | Reached skill level 5 in Conjurations
 17627 | D:13     | Noticed Azrael
 17636 | D:13     | Killed Azrael
 18016 | D:14     | Reached skill level 1 in Translocations
 18083 | D:14     | Found Byfuntem's Distillery.
 18087 | D:14     | Bought a potion of heal wounds for 80 gold pieces
 18605 | D:15     | Entered Level 15 of the Dungeon
 18910 | D:15     | Found a staircase to the Depths.
 18964 | D:15     | Reached skill level 5 in Translocations
 19096 | D:15     | Found a frozen archway.
 19109 | IceCv    | Entered an ice cave
 19777 | IceCv    | HP: 5/122 [spriggan defender simulacrum (17)]
 20125 | IceCv    | Noticed an Ice Fiend
 20139 | IceCv    | Killed an Ice Fiend
 20954 | D:15     | Reached XP level 17. HP: 94/128 MP: 34/34
 21005 | D:15     | Found an opulent altar of Gozag.
 21056 | D:15     | Reached skill level 10 in Conjurations
 21697 | Lair:1   | Bought a potion of heal wounds for 95 gold pieces
 21697 | Lair:1   | Bought a potion of attraction for 57 gold pieces
 21697 | Lair:1   | Bought a potion of flight for 57 gold pieces
 21708 | Lair:1   | Bought a potion of curing for 57 gold pieces
 21708 | Lair:1   | Bought a potion of curing for 57 gold pieces
 21752 | Shoals:1 | Entered Level 1 of the Shoals
 22154 | Shoals:2 | Learned a level 3 spell: Teleport Other
 22295 | Shoals:2 | Reached skill level 10 in Translocations
 22437 | Shoals:3 | Slain by an alligator snapping turtle

Illustrated notes

Levels and vault maps discovered:
D:1:      nicolae_arrival_somewhat_less_tricky_arrival, layout_rooms
D:2:      layout_loops_corners, minmay_tromino_v4_b, uniq_sigmund
D:3:      layout_loops_corners, general_overflow_altar, serial_shops,
          nicolae_shop_behind_doors, nicolae_diamond_shop, shop_fountains,
          nicolae_shop_crystal, nicolae_shop_advertising_works
          [nicolae_subvault_shop_adworks], minmay_stone_trees_small
D:4:      cheibrodos_thug_alley, layout_cave_pools,
          nicolae_overflow_crystal_walls, serial_shops, kennysheep_mini_moat,
          uniq_ijyb
D:5:      layout_basic, hangedman_feature_mirror
D:6:      layout_basic, nicolae_wu_jian_immortal_techniques,
          minmay_temple_entry_ruins, ebering_ghost_reflecting_pool,
          serial_shops, nicolae_shop_window_shopping, uniq_maggie,
          uniq_eustachio
D:7:      layout_loops_ring, grunt_dithmenos_smoke, enter_ossuary_3,
          uniq_duvessa
D:8:      layout_loops_ring, david_lair_generic, kennysheep_generic_room_3
D:9:      layout_long_grid, ashenzari_altar_1, okawaru_ov_weapons_minmay,
          mainiacjoe_overflow_tiny_flanked, uniq_gastronok, uniq_erolcha
D:10:     layout_loops_cross, enter_bailey_3
D:11:     layout_cross, erik_orc_3, serial_shops, nicolae_shop_window_shopping,
          nicolae_square_shop, wad_woods_river_04
D:12:     layout_roguey
D:13:     layout_gridville, lightli_vaults_fourway_checkpoint, serial_demonic,
          serial_demonic_d, serial_demonic_c, serial_demonic_a,
          serial_demonic_c, minmay_misc_feat_nine_boxes, uniq_azrael
D:14:     layout_roguey, serial_shops, shop, infiniplex_staircase_zigzag_3,
          nicolae_wwwww
D:15:     hangedman_depths_entry_civil_slaughter, layout_loops_ring,
          portal_ice_cave_entry_ugly_swarm, grunt_gozag_statues
Temple:   regret_index_temple_waves
Lair:1:   layout_roguey [special_room_bee], amcnicky_mini_pool_medium,
          lemuel_fruit_tree
Lair:2:   beast_lair_carwin_large_3, layout_gridlike, elwin_shoals_entry_rocks,
          lemuel_another_geyser
Lair:3:   layout_gridlike, spider_nest_entry_funnel_web, special_room
          [special_room_mythical_zoo], wad_woods_river_02, patterned_corridor,
          infiniplex_staircase_pool
Lair:4:   wad_woods_structure_01, layout_big_grid, slime_entry_2,
          lemuel_fruit_fields, infiniplex_staircase_pool_2
Lair:5:   cheibrodos_lair_end_hotspot, layout_regular_city,
          nicolae_volcano_entry_lava_flow, ebering_ghost_inner_flame,
          uniq_snorg, uniq_kirke
Shoals:1: layout_shoals, nicolae_shoals_spring_well_temple
Shoals:2: layout_shoals, nicolae_shoals_shepherds
Shoals:3: layout_shoals, ebering_ghost_gozag

Skill      XL: |  1  2  3  4  5  6  7  8  9 10 11 12 13 14 15 16 17 |
---------------+----------------------------------------------------+-----
Fighting       | 2 3 10 | 10.0
Dodging        | 2 7 8 10 | 10.0
Maces & Flails | 1 |  1.0
Evocations     | 5 7 10 | 10.0
Spellcasting   | 1 4 13 | 13.2
Staves         | 2 4 8 11 13 | 13.9
Armour         | 7 8 10 | 10.2
Conjurations   | 4 9 10 | 10.0
Translocations | 7 10 | 10.0
Stealth        | |  1.0

Action                   |  1- 3 |  4- 6 |  7- 9 | 10-12 | 13-15 | 16-18 || total
-------------------------+-------+-------+-------+-------+-------+-------++-------
Melee: Club              |    27 |       |       |       |       |       ||    27
       Punch             |     2 |     2 |     4 |       |       |       ||     8
       Short sword       |    78 |   105 |       |       |       |       ||   183
       Dagger            |       |   118 |   191 |       |       |       ||   309
       Staff             |       |       |    16 |       |       |       ||    16
       Quarterstaff      |       |       |   137 |   440 |   726 |   646 ||  1949
 Cast: Iskenderun's Myst |       |       |       |       |       |     1 ||     1
Invok: Call Merchant     |       |       |       |     1 |     1 |     2 ||     4
Evoke: Wand              |    15 |    11 |     9 |    11 |    30 |    17 ||    93
  Use: Scroll            |     1 |       |     9 |    11 |    11 |     8 ||    40
       Potion            |       |       |     2 |       |     1 |       ||     3
 Stab: Sleeping          |     1 |       |       |     1 |     3 |       ||     5
       Distracted        |       |       |     3 |     7 |    19 |    14 ||    43
       Paralysed         |       |       |       |     3 |     7 |     8 ||    18
Armor: Leather armour    |    26 |    53 |    84 |       |       |       ||   163
       Steam dragon scal |       |       |    14 |    89 |    50 |       ||   153
       Chain mail        |       |       |       |       |    60 |   258 ||   318
Dodge: Dodged            |    82 |   152 |   164 |   179 |   201 |   222 ||  1000
Block: Other             |       |       |       |       |       |    73 ||    73
       Reflection        |       |       |       |       |       |     5 ||     5

Table legend: (Time is in decaauts)
 A = Elapsed time spent in this place.
 B = Non-inter-level travel time spent in this place.
 C = Inter-level travel time spent in this place.
 D = Time resting spent in this place.
 E = Time spent auto-exploring this place.
 F = Levels seen in this place.
 G = Mean time per level.
                   A        B        C        D        E       F      G
               +--------+--------+--------+--------+--------+-----+--------+
         Total |  21812 |  19768 |   2044 |   1632 |  11808 |  27 |  807.9 |
       Dungeon |  13962 |  12345 |   1617 |    514 |   8087 |  15 |  930.8 |
        Temple |    158 |    140 |     18 |      0 |    107 |   1 |  158.0 |
          Lair |   4765 |   4358 |    407 |    419 |   2660 |   5 |  953.0 |
        Shoals |    573 |    573 |      0 |    118 |     22 |   3 |  191.0 |
       Ossuary |    336 |    336 |      0 |      0 |    173 |   1 |  336.0 |
        Bailey |    498 |    498 |      0 |      4 |    268 |   1 |  498.0 |
      Ice Cave |   1518 |   1518 |      0 |    577 |    490 |   1 | 1518.0 |
               +--------+--------+--------+--------+--------+-----+--------+

Top non-repeatable levels by time:
   IceCv: 1518 daAuts
     D:3: 1396 daAuts
  Lair:1: 1273 daAuts
  Lair:3: 1162 daAuts
     D:6: 1156 daAuts
     D:8: 1143 daAuts
  Lair:2: 1140 daAuts
  Lair:4: 1094 daAuts
    D:13: 1094 daAuts
    D:15: 1074 daAuts
     D:4: 1070 daAuts
     D:2: 991 daAuts
     D:7: 947 daAuts
     D:1: 828 daAuts
     D:9: 805 daAuts
